 Dungeon Crawl Stone Soup version 0.31-a0-1178-gc5c9b8f871 (webtiles) character file.

Game seed: 17951207558767420133

6785 grandjackal the Protected (level 10, -6/85 HPs)
             Began as an Armataur Fighter on Dec 12, 2023.
             Mangled by an orc warrior
             ... wielding a +0 bardiche
              (15 damage)
             ... in a bailey.
             The game lasted 00:10:12 (6944 turns).

grandjackal the Protected (Armataur Fighter)        Turns: 6944, Time: 00:10:12

Health: -6/85      AC: 21    Str: 27    XL:     10   Next: 76%
Magic:  10/10      EV:  5    Int:  8    God:
Gold:   627        SH:  5    Dex: 14    Spells: 9/9 levels left

rFire   + . .        A - +0 flail (heavy)
rCold   . . .        c - +0 buckler
rNeg    . . .        p - +8 plate armour of Eleod {Dex+5}
rPois   +            (no helmet)
rElec   .            q - +0 cloak
rCorr   .            (no gloves)
SInv    .            (no barding)
Will    .....        (no amulet) Stlth
                     j - ring of protection from fire
HPRegen 0.99/turn    o - ring of poison resistance
MPRegen 0.12/turn

%: roll
@: no status effects
A: large, deformed body, tough skin 3, armoured tail, roll 2, long tongue
a: no special abilities


You were in a bailey.
You visited 2 branches of the dungeon, and saw 9 of its levels.
You also visited: Bailey.

You collected 627 gold pieces.

Inventory:

Hand Weapons
 u - the +12 sling "Kykhiump" {speed, Int+2 Dex+2}
   (You found it on level 8 of the Dungeon)

   Int+2:     It affects your intelligence (+2).
   Dex+2:     It affects your dexterity (+2).
 A - a +0 heavy flail (weapon)
Missiles
 l - 4 silver javelins
 B - a throwing net
Armour
 c - a +0 buckler (worn)
 p - the +8 plate armour of Eleod (worn) {Dex+5}
   (You found it on level 2 of the Dungeon)

   Dex+5:     It affects your dexterity (+5).
 q - a +0 cloak (worn)
Jewellery
 a - a ring of see invisible
 j - a ring of protection from fire (left hand)
 o - a ring of poison resistance (right hand)
 H - a ring of ice
Wands
 t - a wand of digging (6)
 E - a wand of mindburst (2)
Scrolls
 b - a scroll of silence {unknown}
 d - a scroll of enchant weapon {unknown}
 e - 2 scrolls of noise {unknown}
 h - a scroll of revelation
 k - a scroll of poison
 m - 4 scrolls of teleportation {unknown}
 r - 2 scrolls of blinking
 v - a scroll of immolation
 w - 3 scrolls of vulnerability {unknown}
 y - a scroll of enchant armour
 D - a scroll of identify
 G - a scroll of fear {unknown}
Potions
 f - 2 potions of ambrosia
 g - a potion of attraction {unknown}
 i - 3 potions of curing
 n - 4 potions of brilliance
 s - 6 potions of heal wounds
 x - a potion of cancellation
 z - a potion of enlightenment
 F - 2 potions of berserk rage {unknown}
 I - a potion of invisibility {unknown}
 J - a potion of haste


   Skills:
 + Level 9.9 Fighting
 - Level 8.7 Maces & Flails
 + Level 3.0 Ranged Weapons
 - Level 10.0 Armour
 - Level 4.0 Shields


You had 9 spell levels left.
You didn't know any spells.
Your spell library contained the following spells:

 Spells                   Type           Power      Damage    Failure   Level
 Summon Small Mammal      Summ           0%         N/A       99%         1
 Call Canine Familiar     Summ           0%         N/A       100%        3
 Summon Guardian Golem    Hex/Summ       0%         N/A       100%        3
 Summon Forest            Summ/Tloc      0%         N/A       100%        5
 Summon Mana Viper        Hex/Summ       0%         N/A       100%        5
 Summon Cactus Giant      Summ           0%         N/A       100%        6


Dungeon Overview and Level Annotations

Branches:
Dungeon (8/15)             Temple (1/1) D:5            Lair (0/5) D:8
 Bailey (1/1)

Altars:
Ashenzari
Cheibriados
Dithmenos
Elyvilon
Fedhas
Gozag
Hepliaklqana
Kikubaaqudgha
Makhleb
Nemelex Xobeh
Qazlal
Ru
Sif Muna
Trog
Uskayaw
Vehumet
Wu Jian
Xom
Yredelemnul
Zin
The Shining One

Shops:
D:4 :   D:8 :


Innate Abilities, Weirdness & Mutations

Armour fits poorly on your strangely shaped body.
You have extremely tough skin. (AC +3)
You have a long armoured tail.
You roll and regenerate health when moving toward enemies. (Rampage Heal)
Your long tongue fully drains potion bottles. (2x potion effects)


Message History

a +0 halberd; a +0 spear
Things that are here:
a +0 glaive; a +0 scale mail You see here a +0 war axe.
The orc warrior no longer looks unusually strong.
The orc knight roars a battlecry!
The orc warrior goes into a battle-frenzy!
There is an open door, spattered with blood here.
Things that are here:
a +0 spear; a +0 spear; an orc corpse
Aiming: Mindburst
Press: ? - help, Shift-Dir - straight line, f - orc knight
Aim: an orc knight, wielding a +3 halberd and wearing a +0 plate armour (moderately wounded, chance to affect: 47%)
The orc knight resists with some effort.
Unknown command.
Aiming: Mindburst
Press: ? - help, Shift-Dir - straight line, f/p - orc knight
Aim: an orc knight, wielding a +3 halberd and wearing a +0 plate armour (moderately wounded, chance to affect: 47%)
The orc knight's mind is blasted!!
Unknown command.
Aiming: Mindburst
Press: ? - help, Shift-Dir - straight line, f/p - orc knight
Aim: an orc knight, wielding a +3 halberd and wearing a +0 plate armour (heavily wounded, chance to affect: 47%)
The orc knight's mind is blasted!
Unknown command.
Aiming: Mindburst
Press: ? - help, Shift-Dir - straight line, f/p - orc knight
Aim: an orc knight, wielding a +3 halberd and wearing a +0 plate armour (severely wounded, chance to affect: 47%)
The orc knight resists with some effort.
The orc knight hits you from afar with a +3 halberd!
Unknown command.
You roll towards the orc knight!
You barely miss the orc knight.
You tail-slap the orc knight, but do no damage.
The orc knight is severely wounded.
The orc warrior hits you from afar with a +0 bardiche!
* * * LOW HITPOINT WARNING * * *
The orc knight hits you with a +3 halberd!
* * * LOW HITPOINT WARNING * * *
The orc warrior hits you from afar with a +0 bardiche!
You die...

####### ############
#####.....## ##).).))..∩.##
...#..)))..######.....#).....#
...'.).##..#....#....###.....#
...'.)..8.))).oo@.....8.....∩#
!!)'...##..#....#....###.....#
...#.......######.....#......#
#####.....## ##........∩.##
####### ############


You could see an orc knight and an orc warrior (strong).

Vanquished Creatures
  A hydra (D:8)
  A centaur warrior (D:8)
  A two-headed ogre (D:8)
  A cyclops (D:8)
  A manticore (D:8)
  A hornet (D:7)
  Sigmund (D:3)
  2 wyverns
  A steam dragon (D:8)
  Eustachio (D:6)
  Edmund (D:6)
  5 orc warriors
  A sky beast (D:8)
  3 black bears
  4 ice beasts
  2 ogres
  2 centaurs (D:6)
  A phantom (D:4)
  2 kobold brigands (D:6)
  4 bullfrogs
  2 howler monkeys
  4 electric eels (D:7)
  2 hounds
  5 jellies
  Crazy Yiuf (D:2)
  A gnoll bouda (D:6)
  4 orc priests
  2 iguanas
  A sleepcap (D:7)
  9 orc wizards
  3 gnolls (D:7)
  4 adders
  2 shadow imps (D:6)
  6 ufetubi
  3 worms
  A dart slug (D:1)
  46 orcs
  5 endoplasms
  2 giant cockroaches
  7 goblins
  8 hobgoblins
  3 quokkas
  2 ball pythons
  6 bats
  6 frilled lizards (D:1)
  12 kobolds
  4 rats (D:1)
187 creatures vanquished.

Notes
Turn   | Place    | Note
-------+----------+-------------------------------------------
     0 | D:1      | grandjackal the Armataur Fighter began the quest for the
                  | Orb.
     0 | D:1      | Reached XP level 1. HP: 17/17 MP: 1/1
     1 | D:1      | Noticed a tentacled monstrosity
     4 | D:1      | Noticed a large abomination
     6 | D:1      | Noticed a green draconian
    11 | D:1      | Noticed a tentacled monstrosity
    13 | D:1      | Noticed a red draconian
    15 | D:1      | Noticed an ice dragon
    15 | D:1      | Noticed an ice dragon
    17 | D:1      | Noticed an ice dragon
    17 | D:1      | Noticed an iron dragon
    19 | D:1      | Noticed a large abomination
   118 | D:1      | Got the Codex of the Legion and Superposition
   146 | D:1      | Reached XP level 2. HP: 18/23 MP: 2/2
   415 | D:1      | Reached skill level 4 in Armour
   667 | D:2      | Found a runed translucent door.
   668 | D:2      | Noticed Crazy Yiuf
   778 | D:2      | Reached XP level 3. HP: 23/29 MP: 3/3
   825 | D:2      | Identified the +8 plate armour of Eleod {Dex+5}
  1103 | D:2      | Found a faded altar of an unknown god.
  1374 | D:2      | Killed Crazy Yiuf
  1375 | D:2      | Reached XP level 4. HP: 33/35 MP: 4/4
  1483 | D:3      | Noticed Sigmund
  1489 | D:3      | Killed Sigmund
  1490 | D:3      | Reached XP level 5. HP: 41/42 MP: 5/5
  1886 | D:4      | Reached skill level 5 in Armour
  1899 | D:4      | Reached XP level 6. HP: 39/48 MP: 6/6
  2222 | D:4      | Noticed an ice beast
  2566 | D:4      | Found a hazy altar of Hepliaklqana.
  2568 | D:4      | Found a shimmering altar of Xom.
  2569 | D:4      | Noticed a spectral ugly thing
  2689 | D:5      | Entered Level 5 of the Dungeon
  2694 | D:5      | Found a staircase to the Ecumenical Temple.
  2751 | Temple   | Entered the Ecumenical Temple
  2870 | D:5      | Noticed an ice beast
  2875 | D:5      | Gained mutation: You roll and regenerate health when moving
                  | toward enemies. (Rampage Heal) [Armataur growth]
  2875 | D:5      | Reached XP level 7. HP: 54/55 MP: 7/7
  2883 | D:5      | Reached skill level 6 in Armour
  2930 | D:5      | Reached skill level 5 in Fighting
  3694 | D:4      | Found Daghaquv's Book Emporium.
  3902 | D:6      | Reached skill level 5 in Maces & Flails
  3902 | D:6      | Reached XP level 8. HP: 62/63 MP: 8/8
  3906 | D:6      | Reached skill level 7 in Armour
  3939 | D:6      | Found a shimmering blue altar of Sif Muna.
  4030 | D:6      | Found a blossoming altar of Fedhas.
  4093 | D:6      | Noticed Edmund
  4125 | D:6      | Killed Edmund
  4506 | D:6      | Reached skill level 8 in Armour
  4693 | D:6      | Reached XP level 9. HP: 71/71 MP: 9/9
  4848 | D:6      | Noticed Eustachio
  4859 | D:6      | Killed Eustachio
  4860 | D:6      | Reached skill level 9 in Armour
  5763 | D:7      | Reached skill level 10 in Armour
  6157 | D:8      | Found Tyrph's Book Boutique.
  6237 | D:8      | Noticed a six-headed hydra
  6237 | D:8      | Noticed a two-headed ogre
  6238 | D:8      | Noticed a manticore
  6245 | D:8      | Killed a six-headed hydra
  6246 | D:8      | Reached XP level 10. HP: 41/82 MP: 10/10
  6247 | D:8      | Killed a two-headed ogre
  6251 | D:8      | Killed a manticore
  6264 | D:8      | Identified the +12 sling "Kykhiump" {speed, Int+2 Dex+2}
  6371 | D:8      | Noticed a cyclops
  6379 | D:8      | Killed a cyclops
  6380 | D:8      | Reached skill level 1 in Ranged Weapons
  6579 | D:8      | Found a staircase to the Lair.
  6634 | D:8      | Noticed a centaur warrior
  6646 | D:8      | Killed a centaur warrior
  6653 | D:8      | Found a flagged portal.
  6669 | Bailey   | Entered a bailey
  6895 | Bailey   | Noticed an orc knight
  6944 | Bailey   | Mangled by an orc warrior

Illustrated notes

Levels and vault maps discovered:
D:1:      shiori_arrival_whats_in_store_for_you, layout_basic
D:2:      cheibrodos_old_hovel, layout_basic,
          shapermc_ecumenical_altar_acropolis, uniq_crazy_yiuf_cottage
D:3:      layout_rooms, uniq_sigmund
D:4:      layout_basic, regret_index_temple_of_mockery, serial_shops, shop
D:5:      layout_basic, minmay_temple_entry_sparse_star
D:6:      minmay_diamond_boxcup, layout_loops_cross, jmf_multi_god_temple,
          minmay_quadrilaterals, uniq_edmund, uniq_eustachio, uniq_grinder
D:7:      layout_basic, serial_bayou, serial_bayou_lagoon_b,
          serial_bayou_pond_b, serial_bayou_ford_a, serial_bayou_lagoon_a
D:8:      minmay_tri_box, layout_basic, dpeg_oklobed_lair, enter_bailey_3,
          serial_shops, shop_statue
Temple:   minmay_crystal_spiral_temple
Bailey:   bailey_polearm_5, bailey

Skill      XL: |  1  2  3  4  5  6  7  8  9 10 |
---------------+-------------------------------+-----
Maces & Flails | 2 3 4 5 6 8 |  8.7
Fighting       | 3 4 5 6 8 9 |  9.9
Armour         | 4 5 6 8 10 | 10.0
Shields        | 4 |  4.0
Ranged Weapons | 3 |  3.0

Action                     |  1- 3 |  4- 6 |  7- 9 | 10-12 || total
---------------------------+-------+-------+-------+-------++-------
  Melee: Flail             |   115 |   103 |   279 |    53 ||   550
         Tailslap          |    10 |    12 |    42 |     5 ||    69
   Fire: Sling             |       |       |       |    44 ||    44
  Evoke: Wand              |       |       |     3 |     8 ||    11
    Use: Potion            |       |     1 |     2 |     1 ||     4
         Scroll            |       |       |    13 |       ||    13
 Armour: Scale mail        |    85 |       |       |       ||    85
         Plate armour      |     6 |   138 |   360 |   108 ||   612
  Dodge: Dodged            |    42 |    30 |    91 |    30 ||   193
  Block: Buckler           |    22 |    32 |    71 |    34 ||   159

Table legend: (Time is in decaauts)
 A = Elapsed time spent in this place.
 B = Non-inter-level travel time spent in this place.
 C = Inter-level travel time spent in this place.
 D = Time resting spent in this place.
 E = Time spent auto-exploring this place.
 F = Levels seen in this place.
 G = Mean time per level.
                   A        B        C        D        E       F      G
               +--------+--------+--------+--------+--------+-----+--------+
         Total |   7132 |   6885 |    247 |    965 |   4178 |  10 |  713.2 |
       Dungeon |   6838 |   6594 |    244 |    881 |   4134 |   8 |  854.8 |
        Temple |      5 |      2 |      3 |      0 |      0 |   1 |    5.0 |
        Bailey |    288 |    288 |      0 |     84 |     44 |   1 |  288.0 |
               +--------+--------+--------+--------+--------+-----+--------+

Top non-repeatable levels by time:
     D:4: 1348 daAuts
     D:6: 1309 daAuts
     D:7: 1122 daAuts
     D:2: 775 daAuts
     D:1: 667 daAuts
     D:5: 636 daAuts
     D:8: 523 daAuts
     D:3: 455 daAuts
  Bailey: 288 daAuts
  Temple: 5 daAuts
